General information
- name: BNet
- type: Ladder team game (AT/RT)
- host: Battle.net
- saver: WesFSTGDB
map: FullScaleAssault
- players: 8
- length: 19:01
- speed: Fast
- version: 1.25 W3XP
- replay type: Public
» download(167 KB)
Players
team 1 (loser)
fLipZ[ (
teal | 147 APM | 2709 actions | 18:28)
3 Death Knight
2 Death Coil
1 Death Pact
2 Lich
1 Frost Nova
1 Frost Armor
3 Dark Ranger
2 Silence
1 Black Arrow
» actions
| Assign group hotkey | 50 | |
| Basic commands | 557 | |
| Build / train | 69 | |
| Enter build submenu | 19 | |
| Enter hero's abilities submenu | 8 | |
| Give item / drop item | 1 | |
| Remove unit from queue | 6 | |
| Right click | 1016 | |
| Select / deselect | 208 | |
| Select group hotkey | 707 | |
| Use ability | 68 | |
2709 total
» units
| Acolyte | 17 | |
| Ghoul | 2 | |
| Crypt Fiend | 9 | |
| Frost Wyrm | 5 | |
33 total
» upgrades
| Creature Attack | 2 | |
| Burrow | 1 | |
| Web | 1 | |
4 total
» buildings
| Crypt | 1 | |
| Graveyard | 1 | |
| Altar of Darkness | 1 | |
| Ziggurat | 7 | |
| Tomb of Relics | 2 | |
| Necropolis | 1 | |
| Halls of the Dead | 2 | |
| Black Citadel | 1 | |
| Sacrificial Pit | 1 | |
| Boneyard | 2 | |
| Spirit Tower | 2 | |
21 total
» build order
00:07 Crypt
00:14 Graveyard
00:29 Altar of Darkness
00:47 Ziggurat
01:04 Tomb of Relics
01:26 Tomb of Relics
01:50 Ziggurat
04:17 Necropolis
04:54 Halls of the Dead
04:54 Halls of the Dead
05:33 Ziggurat
05:34 Ziggurat
05:42 Ziggurat
07:17 Black Citadel
08:02 Sacrificial Pit
10:37 Boneyard
10:38 Boneyard
10:57 Spirit Tower
10:57 Spirit Tower
14:51 Ziggurat
15:21 Ziggurat
» items
| Rod of Necromancy | 2 | |
| Sacrificial Skull | 1 | |
| Orb of Corruption | 1 | |
| Scroll of Town Portal | 1 | |
| Scroll of Protection | 2 | |
7 total
k[3] (
red | 89 APM | 1668 actions | 18:39)
4 Keeper of the Grove
2 Entangling Roots
2 Thorns Aura
1 Priestess of the Moon
1 Trueshot Aura
» actions
| Assign group hotkey | 51 | |
| Basic commands | 18 | |
| Build / train | 53 | |
| Enter build submenu | 16 | |
| Enter hero's abilities submenu | 5 | |
| Right click | 1016 | |
| Select / deselect | 222 | |
| Select group hotkey | 244 | |
| Use ability | 43 | |
1668 total
» units
» upgrades
| Strength of the Wild | 2 | |
| Reinforced Hides | 1 | |
| Abolish Magic | 1 | |
| Druid of the Claw Training | 2 | |
| Ultravision | 1 | |
| Mark of the Claw | 1 | |
8 total
» buildings
| Altar of Elders | 1 | |
| Moon Well | 8 | |
| Hunter's Hall | 1 | |
| Ancient of War | 1 | |
| Ancient of Wonders | 1 | |
| Tree of Ages | 2 | |
| Ancient of Lore | 2 | |
| Tree of Eternity | 1 | |
| Tree of Life | 2 | |
19 total
» build order
00:08 Altar of Elders
00:18 Moon Well
01:46 Hunter's Hall
01:51 Ancient of War
02:02 Moon Well
02:33 Moon Well
02:37 Ancient of Wonders
04:25 Tree of Ages
05:31 Moon Well
06:55 Ancient of Lore
06:56 Ancient of Lore
10:47 Tree of Eternity
11:46 Moon Well
12:55 Moon Well
13:15 Tree of Life
16:36 Tree of Life
16:38 Moon Well
16:40 Moon Well
» items
| Boots of Speed | 1 | |
| Scroll of Town Portal | 1 | |
| Staff of Preservation | 1 | |
| Scroll of Protection | 1 | |
4 total

»
Lick-My-Crack (
purple | 39 APM | 735 actions | 18:57)
4 Death Knight
2 Death Coil
2 Unholy Aura
» actions
| Assign group hotkey | 1 | |
| Basic commands | 4 | |
| Build / train | 53 | |
| Enter build submenu | 11 | |
| Enter hero's abilities submenu | 4 | |
| Give item / drop item | 1 | |
| Right click | 362 | |
| Select / deselect | 247 | |
| Select group hotkey | 1 | |
| Use ability | 51 | |
735 total
» units
| Acolyte | 3 | |
| Ghoul | 3 | |
| Crypt Fiend | 10 | |
| Obsidian Statue | 5 | |
| Necromancer | 9 | |
30 total
» upgrades
| Creature Attack | 3 | |
| Web | 1 | |
| Burrow | 1 | |
| Necromancer Training | 2 | |
| Skeletal Longevity | 1 | |
| Creature Carapace | 1 | |
| Skeletal Mastery | 1 | |
| Destroyer Form | 1 | |
11 total
» buildings
| Crypt | 1 | |
| Graveyard | 1 | |
| Altar of Darkness | 1 | |
| Ziggurat | 4 | |
| Tomb of Relics | 1 | |
| Halls of the Dead | 1 | |
| Temple of the Damned | 1 | |
| Slaughterhouse | 1 | |
| Spirit Tower | 1 | |
| Black Citadel | 1 | |
13 total
» build order
00:10 Crypt
00:18 Graveyard
00:42 Altar of Darkness
00:58 Ziggurat
01:35 Ziggurat
01:59 Tomb of Relics
02:43 Ziggurat
03:58 Halls of the Dead
06:46 Temple of the Damned
06:51 Slaughterhouse
08:07 Ziggurat
11:44 Spirit Tower
12:55 Black Citadel
» items
| Potion of Healing | 1 | |
| Scroll of Town Portal | 2 | |
| Potion of Lesser Invulnerability | 1 | |
4 total
yomamaismine (
orange | 50 APM | 928 actions | 18:32)
3 Tauren Chieftain
1 War Stomp
2 Endurance Aura
2 Shadow Hunter
1 Healing Wave
1 Hex
» actions
| Assign group hotkey | 10 | |
| Build / train | 69 | |
| Enter build submenu | 23 | |
| Enter hero's abilities submenu | 5 | |
| Give item / drop item | 5 | |
| Remove unit from queue | 3 | |
| Right click | 285 | |
| Select / deselect | 211 | |
| Select group hotkey | 258 | |
| Use ability | 59 | |
928 total
» units
| Peon | 20 | |
| Grunt | 5 | |
| Kodo Beast | 2 | |
| Wind Rider | 6 | |
| Shaman | 6 | |
| Raider | 1 | |
40 total
» upgrades
| Armor | 3 | |
| Pillage | 1 | |
| Shaman Training | 2 | |
| Envenomed Spears | 1 | |
| Reinforced Defenses | 1 | |
| War Drums Damage Increase | 1 | |
| Ranged Weapons | 1 | |
10 total
» buildings
| Altar of Storms | 1 | |
| Orc Burrow | 8 | |
| Barracks | 1 | |
| Stronghold | 1 | |
| War Mill | 1 | |
| Great Hall | 2 | |
| Spirit Lodge | 1 | |
| Voodoo Lounge | 1 | |
| Beastiary | 2 | |
| Fortress | 1 | |
| Watch Tower | 4 | |
23 total
» build order
00:12 Altar of Storms
00:19 Orc Burrow
00:45 Barracks
01:58 Orc Burrow
02:08 Orc Burrow
03:19 Stronghold
03:25 War Mill
04:55 Great Hall
05:25 Orc Burrow
06:21 Spirit Lodge
06:30 Voodoo Lounge
06:55 Beastiary
07:58 Fortress
10:55 Beastiary
11:42 Orc Burrow
11:46 Orc Burrow
12:57 Orc Burrow
13:56 Orc Burrow
14:24 Watch Tower
14:27 Watch Tower
14:59 Watch Tower
15:34 Great Hall
16:21 Watch Tower
» items
| Healing Salve | 2 | |
| Potion of Healing | 2 | |
| Scroll of Speed | 2 | |
| Orb of Lightning | 1 | |
7 total
team 2 (winner)
TLoo98 (
blue | 52 APM | 992 actions | 18:58)
5 Tauren Chieftain
2 War Stomp
3 Endurance Aura
3 Shadow Hunter
1 Hex
2 Healing Wave
» actions
| Assign group hotkey | 24 | |
| Basic commands | 56 | |
| Build / train | 72 | |
| ESC pressed | 2 | |
| Enter build submenu | 23 | |
| Enter hero's abilities submenu | 8 | |
| Remove unit from queue | 1 | |
| Right click | 240 | |
| Select / deselect | 285 | |
| Select group hotkey | 224 | |
| Use ability | 57 | |
992 total
» units
| Peon | 17 | |
| Troll Headhunter/Berserker | 14 | |
| Shaman | 10 | |
| Tauren | 5 | |
46 total
» upgrades
| Armor | 3 | |
| Ranged Weapons | 1 | |
| Troll Regeneration | 1 | |
| Shaman Training | 2 | |
| Berserker Upgrade | 1 | |
| Witch Doctor Training | 0 | |
| Pulverize | 1 | |
| Melee Weapons | 1 | |
10 total
» buildings
| Orc Burrow | 8 | |
| War Mill | 1 | |
| Barracks | 1 | |
| Altar of Storms | 1 | |
| Voodoo Lounge | 1 | |
| Watch Tower | 4 | |
| Great Hall | 1 | |
| Stronghold | 1 | |
| Fortress | 1 | |
| Spirit Lodge | 2 | |
| Tauren Totem | 3 | |
24 total
» build order
00:18 Orc Burrow
00:54 War Mill
01:08 Orc Burrow
01:13 Barracks
01:38 Altar of Storms
02:15 Orc Burrow
02:34 Voodoo Lounge
05:26 Watch Tower
05:37 Great Hall
05:45 Orc Burrow
07:00 Stronghold
07:13 Watch Tower
07:38 Watch Tower
10:02 Fortress
10:05 Spirit Lodge
10:06 Spirit Lodge
11:55 Orc Burrow
11:57 Orc Burrow
12:49 Tauren Totem
13:08 Tauren Totem
13:12 Tauren Totem
15:26 Orc Burrow
15:28 Watch Tower
16:39 Orc Burrow
» items
| Healing Salve | 1 | |
| Orb of Lightning | 1 | |
| Potion of Healing | 1 | |
3 total
WesFSTGDB (
yellow | 108 APM | 2060 actions | 19:01)
5 Death Knight
3 Death Coil
2 Unholy Aura
4 Dark Ranger
2 Black Arrow
2 Silence
» actions
| Assign group hotkey | 19 | |
| Basic commands | 560 | |
| Build / train | 67 | |
| Enter build submenu | 24 | |
| Enter hero's abilities submenu | 9 | |
| Give item / drop item | 2 | |
| Remove unit from queue | 1 | |
| Right click | 680 | |
| Select / deselect | 327 | |
| Select group hotkey | 291 | |
| Use ability | 80 | |
2060 total
» units
| Acolyte | 7 | |
| Ghoul | 3 | |
| Crypt Fiend | 8 | |
| Obsidian Statue | 2 | |
| Frost Wyrm | 3 | |
23 total
» upgrades
| Creature Carapace | 4 | |
| Creature Attack | 3 | |
| Web | 1 | |
| Destroyer Form | 1 | |
9 total
» buildings
| Graveyard | 2 | |
| Crypt | 2 | |
| Ziggurat | 9 | |
| Altar of Darkness | 1 | |
| Tomb of Relics | 1 | |
| Nerubian Tower | 1 | |
| Halls of the Dead | 4 | |
| Necropolis | 1 | |
| Black Citadel | 1 | |
| Sacrificial Pit | 1 | |
| Slaughterhouse | 1 | |
| Boneyard | 2 | |
| Spirit Tower | 1 | |
27 total
» build order
00:14 Graveyard
00:17 Graveyard
00:28 Crypt
00:30 Crypt
00:46 Ziggurat
01:01 Altar of Darkness
01:19 Tomb of Relics
02:19 Ziggurat
02:22 Ziggurat
03:14 Nerubian Tower
03:59 Halls of the Dead
03:59 Halls of the Dead
03:59 Halls of the Dead
05:54 Necropolis
06:46 Black Citadel
08:29 Ziggurat
08:30 Ziggurat
08:31 Ziggurat
10:44 Sacrificial Pit
10:45 Slaughterhouse
12:46 Boneyard
12:46 Boneyard
12:48 Ziggurat
13:26 Spirit Tower
14:45 Ziggurat
14:45 Ziggurat
» items
| Rod of Necromancy | 1 | |
| Orb of Corruption | 1 | |
| Potion of Healing | 1 | |
| Scroll of Healing | 3 | |
| Scroll of Town Portal | 2 | |
| Scroll of Protection | 1 | |
9 total
baahung (
green | 60 APM | 1138 actions | 18:58)
5 Paladin
3 Holy Light
2 Devotion Aura
2 Naga Sea Witch
1 Frost Arrows
1 Forked Lightning
» actions
| Assign group hotkey | 28 | |
| Build / train | 64 | |
| ESC pressed | 1 | |
| Enter build submenu | 23 | |
| Enter hero's abilities submenu | 7 | |
| Give item / drop item | 5 | |
| Remove unit from queue | 1 | |
| Right click | 389 | |
| Select / deselect | 169 | |
| Select group hotkey | 394 | |
| Use ability | 57 | |
1138 total
» units
| Peasant | 11 | |
| Rifleman | 11 | |
| Flying Machine | 9 | |
| Mortar Team | 5 | |
36 total
» upgrades
| Gunpowder | 3 | |
| Armor | 2 | |
| Long Rifles | 1 | |
| Flak Cannons | 1 | |
| Barrage | 0 | |
7 total
» buildings
| Altar of Kings | 2 | |
| Farm | 14 | |
| Blacksmith | 1 | |
| Barracks | 1 | |
| Scout Tower | 1 | |
| Arcane Tower | 2 | |
| Keep | 1 | |
| Lumber Mill | 1 | |
| Castle | 1 | |
| Workshop | 3 | |
27 total
» build order
00:52 Altar of Kings
01:05 Farm
01:20 Blacksmith
01:35 Altar of Kings
01:39 Barracks
01:44 Farm
01:58 Farm
02:05 Farm
02:14 Scout Tower
02:51 Arcane Tower
02:51 Arcane Tower
04:19 Keep
04:30 Lumber Mill
05:14 Farm
05:17 Farm
05:33 Farm
07:06 Castle
07:24 Workshop
07:29 Workshop
12:14 Workshop
15:06 Farm
15:08 Farm
15:09 Farm
15:10 Farm
15:12 Farm
15:14 Farm
15:17 Farm
» items
| Lesser Clarity Potion | 3 | |
| Healing Salve | 2 | |
| Potion of Mana | 1 | |
6 total

»
GeraldoAlckmin (
pink | 64 APM | 1209 actions | 18:58)
4 Archmage
2 Blizzard
2 Brilliance Aura
» actions
| Assign group hotkey | 21 | |
| Basic commands | 42 | |
| Build / train | 88 | |
| Enter build submenu | 40 | |
| Enter hero's abilities submenu | 4 | |
| Remove unit from queue | 4 | |
| Right click | 359 | |
| Select / deselect | 342 | |
| Select group hotkey | 233 | |
| Use ability | 76 | |
1209 total
» units
| Peasant | 21 | |
| Footman | 9 | |
| Siege Engine | 10 | |
40 total
» upgrades
| Defend | 1 | |
| Masonry | 3 | |
| Gunpowder | 3 | |
| Plating | 3 | |
| Lumber Harvesting | 2 | |
| Flare | 1 | |
| Barrage | 1 | |
| Long Rifles | 1 | |
| Fragmentation Shards | 1 | |
| Flak Cannons | 1 | |
| Flying Machine Bombs | 1 | |
18 total
» buildings
| Farm | 13 | |
| Altar of Kings | 1 | |
| Barracks | 1 | |
| Scout Tower | 18 | |
| Lumber Mill | 1 | |
| Arcane Vault | 1 | |
| Arcane Tower | 2 | |
| Town Hall | 1 | |
| Guard Tower | 9 | |
| Keep | 1 | |
| Blacksmith | 1 | |
| Castle | 1 | |
| Workshop | 3 | |
53 total
» build order
00:09 Farm
00:11 Altar of Kings
00:18 Barracks
01:03 Farm
01:51 Farm
02:27 Scout Tower
03:32 Farm
03:39 Lumber Mill
03:42 Arcane Vault
04:13 Scout Tower
04:27 Arcane Tower
04:31 Town Hall
04:37 Arcane Tower
05:14 Scout Tower
05:44 Guard Tower
06:00 Scout Tower
06:19 Scout Tower
06:30 Guard Tower
07:03 Keep
07:04 Blacksmith
07:10 Scout Tower
07:15 Farm
07:19 Farm
07:22 Farm
07:30 Farm
07:31 Guard Tower
07:32 Farm
07:41 Guard Tower
07:44 Scout Tower
08:12 Farm
08:14 Farm
08:16 Farm
08:23 Guard Tower
09:05 Farm
09:27 Castle
09:55 Workshop
09:56 Workshop
10:54 Workshop
13:23 Scout Tower
14:11 Guard Tower
14:35 Scout Tower
14:36 Scout Tower
14:39 Scout Tower
14:40 Scout Tower
14:43 Scout Tower
14:45 Scout Tower
14:46 Scout Tower
14:50 Scout Tower
15:32 Guard Tower
16:06 Scout Tower
16:32 Scout Tower
16:34 Guard Tower
17:21 Guard Tower
» items
| Scroll of Town Portal | 1 | |
| Boots of Speed | 1 | |
| Staff of Teleportation | 1 | |
| Potion of Invisibility | 3 | |
| Circlet of Nobility | 1 | |
| Lesser Clarity Potion | 1 | |
8 total
Chat log
(00:22 / Allies) baahung: unit
(00:30 / Allies) GeraldoAlckmin: foots
(00:33 / Allies) GeraldoAlckmin: tanks
(00:35 / Allies) TLoo98: tauren caster but hh start
(00:37 / All) k[3]: flipZZZZ
(00:41 / Allies) WesFSTGDB: push early on
(00:42 / All) fLipZ[: DHJF::XZ:X
(00:49 / All) fLipZ[: sup wes
(00:49 / Allies) WesFSTGDB: clear expos then we go
(00:53 / All) WesFSTGDB: hey flipz
(01:06 / All) Lick-My-Crack: vsg reunion?
(06:02 / Allies) TLoo98: come yelo
(07:12 / Allies) WesFSTGDB: you almost at 3?
(07:17 / Allies) TLoo98: not quite
(07:30 / Allies) WesFSTGDB: comie pink
(08:23 / Allies) baahung: help pihnk
(08:38 / Allies) WesFSTGDB: lets go
(08:50 / Allies) baahung: go blue i heal u
(08:56 / Allies) TLoo98: k ty
(10:12 / Allies) GeraldoAlckmin: i am out
(12:38 / Allies) WesFSTGDB: get breakers please
(12:40 / Allies) WesFSTGDB: i'm out for now
(12:54 / Allies) GeraldoAlckmin: man
(12:55 / Allies) GeraldoAlckmin: use tp
(12:55 / Allies) WesFSTGDB: wow no tp man?
(12:57 / Allies) GeraldoAlckmin: so easy
(13:53 / Allies) WesFSTGDB: can't fight until we get dispell
(13:57 / Allies) WesFSTGDB: also will need the tanks fo the air
(14:23 / Allies) WesFSTGDB: let my expo go
(14:24 / Allies) TLoo98: i have lust out too
(15:06 / Allies) WesFSTGDB: be rdy to tp to blue
(15:30 / Allies) WesFSTGDB: her ewe go
(15:31 / Allies) TLoo98: tp
(15:33 / Allies) WesFSTGDB: ALL TP NOW
(16:30 / Allies) TLoo98: counter that
(16:34 / Allies) TLoo98: gj
(17:10 / Allies) WesFSTGDB: group
(17:15 / Allies) WesFSTGDB: sec
(17:25 / Allies) WesFSTGDB: GO HIT NOW
(17:41 / Allies) TLoo98: wood me plz
(17:56 / All) Lick-My-Crack: leran how to actually play
(18:02 / Allies) TLoo98: morts on dryads
(18:24 / All) fLipZ[: gg
(18:27 / All) TLoo98: gg
(18:55 / All) WesFSTGDB: fucking silence